 Dungeon Crawl Stone Soup version 0.29-a0-341-g24ffce5b50 (webtiles) character file.

Game seed: 3651647961987624745

3824 spaghetti the Protected (level 9, -2/64 (67) HPs)
             Began as a Demigod Hunter on Apr 20, 2022.
             Slain by a hornet (13 damage)
             ... on level 9 of the Dungeon.
             The game lasted 00:13:02 (8184 turns).

spaghetti the Protected (Demigod Hunter)            Turns: 8184, Time: 00:13:02

HP:   -2/64 (67)    AC: 15    Str: 16    XL:     9   Next: 65%
MP:   11/11         EV: 11    Int: 19    God:
Gold: 464           SH:  0    Dex: 23    Spells: 8/8 levels left

rFire   . . .      SeeInvis .   a - +7 fustibalus (freeze) {sling}
rCold   . . .      Faith    .   (no shield)
rNeg    . . .      Spirit   .   x - quicksilver dragon scales {rare}
rPois   .          Reflect  .   p - +0 helmet
rElec   .          Harm     .   f - +0 cloak {Stlth+}
rCorr   .          Rampage  .   (no gloves)
Will    +....                   (no boots)
Stlth   ++........              Q - amulet of magic regeneration {@e2}
HPRegen 0.20/turn               r - +6 ring of dexterity
MPRegen 0.52/turn               (no ring)

@: lethally poisoned (-2 -> -5), slowed, lightly drained, very slow
A: high MP 1, forlorn, divine attributes
a: no special abilities


You were on level 9 of the Dungeon.
You visited 1 branch of the dungeon, and saw 9 of its levels.

You collected 464 gold pieces.


Innate Abilities, Weirdness & Mutations

You have an increased reservoir of magic. (+10% MP)
You shall have no god before yourself.
Your divine heritage dramatically boosts your attributes as you level up.


   Skills:
 - Level 1.7 Fighting
 - Level 0.5 Polearms
 - Level 3.8 Slings
 + Level 9.9 Armour
 - Level 1.7 Dodging
 - Level 0.8 Stealth
 * Level 8.5 Conjurations


You had 8 spell levels left.
You didn't know any spells.
Your spell library contained the following spells:

 Spells                   Type           Power      Damage    Failure   Level
 Conjure Flame            Conj/Fire      16%        6-21      19%         3
 Sticky Flame             Conj/Fire      16%        2d4       52%         4
 Ignite Poison            Fire/Tmut/Pois 0%         N/A       71%         3
 Summon Guardian Golem    Hex/Summ       0%         N/A       71%         3
 Orb of Destruction       Conj           16%        9d7       100%        7
 Spellforged Servitor     Conj/Summ      8%         N/A       100%        7

Inventory:

Hand Weapons
 a - a +7 fustibalus of freezing (weapon) {sling}
   (You acquired it on level 8 of the Dungeon)
 b - the +11 spear of the Everdark {vorpal, Str+5 Stlth-, polearm}
   (You found it on level 3 of the Dungeon)

   It inflicts extra damage upon your enemies.
   Str:       It affects your strength (+5).
   Stlth:     It makes you less stealthy.
 i - a +1 hunting sling {sling}
 l - a +2 vampiric triple sword {longrare=g}
   (You acquired it on level 8 of the Dungeon)
 o - a +2 hunting sling of freezing {sling}
   (You found it on level 3 of the Dungeon)
 J - the +2 mace of Qyets {vorpal, rF+ Str+3 Dex+2, mace}
   (You found it on level 5 of the Dungeon)

   It inflicts extra damage upon your enemies.
   Str:       It affects your strength (+3).
   Dex:       It affects your dexterity (+2).
   rF:        It protects you from fire.
Missiles
 d - 185 stones {throwing}
 u - 23 poisoned darts {throwing}
 A - 2 curare-tipped darts {=fthrowing}
 F - 5 boomerangs {throwing}
Armour
 f - a +0 cloak of stealth (worn)
   (You took it off Crazy Yiuf on level 2 of the Dungeon)
 p - a +0 helmet (worn)
   (You took it off Robin on level 2 of the Dungeon)
 t - a +0 plate armour of poison resistance
   (You found it on level 3 of the Dungeon)
 x - quicksilver dragon scales (worn) {rare}
   (You found it on level 3 of the Dungeon)
 C - the +2 robe of the Accordion {-Cast SInv Stlth+}
   (You found it on level 4 of the Dungeon)

   SInv:      It lets you see invisible.
   -Cast:     It prevents spellcasting.
   Stlth:     It makes you more stealthy.
 H - the -5 cloak "Erysm" {MP+9}
   (You found it on level 5 of the Dungeon)

   MP:        It affects your magic capacity (+9).
Jewellery
 r - a +6 ring of dexterity (left hand)
   (You found it on level 2 of the Dungeon)
 y - an amulet of faith {!P}
   (You found it on level 4 of the Dungeon)
 Q - an amulet of magic regeneration (around neck) {@e2}
   (You found it on level 7 of the Dungeon)
 T - a ring of protection from fire
   (You found it on level 8 of the Dungeon)
Wands
 v - a wand of polymorph (10)
   (You took it off Ijyb on level 3 of the Dungeon)
 D - a wand of digging (14)
   (You took it off Sigmund on level 4 of the Dungeon)
 L - a wand of iceblast (3)
   (You found it on level 5 of the Dungeon)
 N - a wand of paralysis (24)
   (You found it on level 5 of the Dungeon)
Scrolls
 c - 9 scrolls of immolation {!r!r}
 g - a scroll of fog
 k - a scroll of vulnerability {!r!r}
 w - 2 scrolls of teleportation {@r4}
 G - a scroll of holy word
 I - a scroll of silence {!r}
 K - 3 scrolls of blinking {!r}
 M - 2 scrolls of amnesia
 O - 2 scrolls of noise {unknown}
 P - a scroll of magic mapping {unknown}
 R - a scroll of summoning {unknown}
 U - a scroll of identify {@r1}
Potions
 e - 2 potions of flight
 h - 3 potions of lignification {unknown}
 j - 2 potions of attraction {unknown}
 m - 4 potions of curing {unknown}
 n - a potion of mutation {unknown}
 q - a potion of berserk rage {unknown}
 s - a potion of cancellation {unknown}
 z - a potion of invisibility {unknown}
 B - 3 potions of might {unknown}
 S - a potion of degeneration {unknown}

Dungeon Overview and Level Annotations

Branches:
Dungeon (9/15)             Temple (0/1) D:5
   Lair: D:8-11         Orc: D:9-12

Shops:
D:8 [

Annotations:
D:3 2 transporters, Kuwacapybara's ghost, amateur TrMo

##...........##
#............y.
..............
.......K....###
>..............
...............
......zy.......
.y..K..@.......
...........$...
.............<.
...K......oK...
...h...K..!....
.........h.....
...F......y...#
...............


You could see a hornet, a black bear (fleeing), a kobold brigand (fleeing), a
bullfrog (fleeing), a howler monkey (fleeing, catching breath), 3 killer bees, a
wight, an orc (fleeing) and 4 kobolds.


Message History

๐Ÿ˜จ HP[-8]
You take 8 damage, and now have 18/66 hp.
You feel much better. The wight hits you with a +0 flail.
You feel drained.
The wight barely misses you. ๐Ÿ˜ฎ HP[+16]
You now have 64 max hp (-2).
You regained 16 hp, and now have 34/64 hp.
Unknown command.
You feel yourself speed up. The wight closely misses you.
The wight barely misses you. ๐Ÿ˜ฎ HP[+1]
You puncture the wight!
The wight hits you but does no damage. x2
You hit the wight.
You destroy the wight!
The wight hits you with a +0 flail!
* * * LOW HITPOINT WARNING * * *
๐Ÿ˜จ HP[-9]
You now have 65 max hp (+1).
You take 9 damage, and now have 26/65 hp.
You hit the wight. You puncture the wight!
You destroy the wight!
You now have 66 max hp (+1).
Things that are here:
a +0 flail {mace}; a +0 robe ๐Ÿ˜จ HP[+1]
Things that are here:
a +0 vorpal great sword {long}; a +0 robe; a howler monkey corpse You start resting.
Your extra speed is starting to run out.
You feel yourself slow down. ๐Ÿ˜Ž HP[+39]
Your hp is fully restored (66).
Unknown command.
Unknown command.
Unknown command.
There is a stone staircase leading down, spattered with blood here.
Your +7 fustibalus of freezing {sling} is covered in frost.
a - a +7 fustibalus of freezing (weapon)
{sling}
u - 23 poisoned darts {throwing} (gained 5)
Items here: )) รทรท โ€ .
There is a stone staircase leading down, spattered with blood here.
You climb downwards.
The killer bee closely misses you. The killer bee completely misses you.
The hornet stings you.
You suddenly lose the ability to move!
The killer bee stings you but does no damage. x2
The hornet stings you!
You feel yourself slow down.
A scorpion comes into view.
The wight hits you with a +2 dire flail.
You feel drained. The orc hits you but does no damage.
The killer bee stings you. x2
You are poisoned.
The killer bee poisons you!
The hornet stings you but does no damage.
The howler monkey hoots and howls with incredible vigour!
The kobold shouts!
You hear an angry buzzing noise.
You hear a loud, deep croak!
You feel very sick.
The killer bee stings you but does no damage. x2
The killer bee stings you.
The wight hits you with a +2 dire flail!
* * * LOW HITPOINT WARNING * * *
The kobold brigand hits you but does no damage.
The orc hits you but does no damage.
The killer bee stings you but does no damage. x2
The hornet stings you but does no damage.
The killer bee stings you but does no damage.
You can move again.
There is a stone staircase leading up, spattered with blood here. ๐Ÿ˜จ HP[-39]
You now have 64 max hp (-2).
You take 39 damage, and now have 27/64 hp.
MASSIVE DAMAGE!! (PAUSE) Unknown command.
Unknown command.
Unknown command.
As you read the scroll of fear, it crumbles to dust.
You assume a fearsome visage.
The bullfrog looks frightened!
The black bear looks frightened!
The scorpion looks frightened!
The kobold looks frightened!
The howler monkey looks frightened!
The wight is unaffected.
The orc looks frightened!
The killer bee looks frightened! x3
The kobold brigand looks frightened!
The kobold looks frightened! x3
The hornet resists with some effort.
You feel sick. The hornet closely misses you.
The wight hits you but does no damage. The hornet stings you.
* * * LOW HITPOINT WARNING * * *
You feel as though you will be slow longer.
The wight hits you with a +2 dire flail!
* * * LOW HITPOINT WARNING * * *
๐Ÿ˜ฑ HP[-14]
You take 14 damage, and now have 13/64 hp.
MASSIVE DAMAGE!! (PAUSE) Unknown command.
You feel sick.
The hornet stings you but does no damage.
The hornet stings you!
You die...

Skill      XL: |  1  2  3  4  5  6  7  8  9 |
---------------+----------------------------+-----
Armour         | 2 3 4 5 7 8 9 |  9.9
Conjurations   | 3 6 8 |  8.5
Fighting       | |  1.7
Polearms       | |  0.5
Slings         | |  3.8
Dodging        | |  1.7
Stealth        | |  0.8

Action                   |  1- 3 |  4- 6 |  7- 9 || total
-------------------------+-------+-------+-------++-------
Melee: Spear             |    70 |    25 |   120 ||   215
       Unarmed           |       |     8 |       ||     8
       Hunting sling     |       |       |     2 ||     2
       Punch             |       |       |     1 ||     1
 Fire: Hunting sling     |     4 |    77 |   202 ||   283
       Fustibalus        |       |       |    25 ||    25
Throw: Stone             |    66 |     7 |     4 ||    77
  Use: Potion            |     2 |       |     4 ||     6
       Scroll            |       |       |    12 ||    12
 Stab: Confused          |       |     1 |       ||     1
Armor: Leather armour    |    10 |       |       ||    10
       Plate armour      |       |     7 |       ||     7
       Quicksilver drago |       |    15 |   165 ||   180
       Skin              |       |     1 |       ||     1
Dodge: Dodged            |    29 |    17 |   152 ||   198

Levels and vault maps discovered:
D:1:      ncdulo_halloftheorcs, layout_basic, hangedman_decor_clover_reticule,
          hangedman_glass_teeth
D:2:      layout_rooms, basic_altar, corexii_corridor_pit,
          uniq_crazy_yiuf_cottage, uniq_robin
D:3:      layout_rooms, gammafunk_ghost_mausoleum, uniq_ijyb, uniq_natasha
D:4:      layout_loops_corners, uniq_sigmund
D:5:      layout_basic, minmay_temple_entry_junction, uniq_duvessa
D:6:      layout_cave_pools, minmay_misc_feat_nine_boxes, uniq_prince_ribbit1
D:7:      layout_cave_pods, grunt_decor_junction
D:8:      layout_basic, lemuel_tele_altar,
          nicolae_gozag_cash_rules_everything_around_me, serial_shops,
          nicolae_shop_competitors_out_of_business, dk_rats_in_the_wall
D:9:      layout_cave_pools, grunt_lair_entry_orc_guard_hut

Notes
Turn   | Place    | Note
-------+----------+-------------------------------------------
     0 | D:1      | spaghetti the Demigod Hunter began the quest for the Orb.
     0 | D:1      | Reached XP level 1. HP: 17/17 MP: 3/3
     0 | D:1      | magus.rc [v1.9.6]
    57 | D:3      | Noticed Natasha
    58 | D:3      | Identified the +11 spear of the Everdark {vorpal, Str+5
                  | Stlth-}
   230 | D:1      | Reached XP level 2. HP: 24/24 MP: 4/4
   292 | D:1      | Reached skill level 1 in Armour
   892 | D:2      | Reached skill level 2 in Armour
   981 | D:2      | Reached XP level 3. HP: 29/29 MP: 5/5
  1123 | D:2      | Noticed Robin
  1141 | D:2      | Killed Robin
  1285 | D:2      | Reached skill level 3 in Armour
  1346 | D:2      | Found a runed translucent door.
  1347 | D:2      | Noticed Crazy Yiuf
  1739 | D:2      | Killed Crazy Yiuf
  1740 | D:2      | Reached XP level 4. HP: 28/36 MP: 6/6
  2099 | D:3      | Reached skill level 4 in Armour
  2156 | D:3      | Killed Natasha
  2168 | D:3      | Noticed Natasha
  2170 | D:3      | Noticed Ijyb
  2171 | D:3      | Killed Natasha
  2172 | D:3      | Reached XP level 5. HP: 24/41 MP: 7/7
  2184 | D:3      | Killed Ijyb
  2398 | D:3      | x - quicksilver dragon scales {rare}
  2409 | D:3      | You finish putting on your quicksilver dragon scales
                  | {rare}.
  2475 | D:3      | Noticed Natasha
  2478 | D:3      | Killed Natasha
  2479 | D:3      | Reached skill level 5 in Armour
  2516 | D:3      | Found a transporter.
  2521 | D:3      | Noticed Kuwacapybara's ghost (amateur TrMo)
  2558 | D:3      | Found a transporter.
  2638 | D:4      | Noticed an ice beast
  2651 | D:4      | Killed an ice beast
  2652 | D:4      | Reached XP level 6. HP: 33/48 MP: 8/8
  3025 | D:4      | Reached skill level 6 in Armour
  3285 | D:4      | Identified the +2 robe of the Accordion {-Cast SInv Stlth+}
  3384 | D:4      | Noticed Sigmund
  3391 | D:4      | Killed Sigmund
  3392 | D:4      | Reached skill level 7 in Armour
  3392 | D:4      | Reached XP level 7. HP: 53/53 MP: 9/9
  3714 | D:4      | You pick up a book of Dangerous Friends and begin
                  | reading...
  3714 | D:4      | You add the spells Summon Guardian Golem, Orb of
                  | Destruction and Spellforged Servitor to your library.
  3794 | D:5      | Entered Level 5 of the Dungeon
  3795 | D:5      | Identified the -5 cloak "Erysm" {MP+9}
  3818 | D:5      | Reached skill level 1 in Conjurations
  3869 | D:5      | Found a staircase to the Ecumenical Temple.
  3889 | D:5      | Noticed Duvessa
  3889 | D:5      | Noticed Dowan
  3899 | D:5      | Killed Dowan
  3902 | D:5      | Killed Duvessa
  3903 | D:5      | Reached skill level 8 in Armour
  3903 | D:5      | Reached skill level 2 in Conjurations
  4001 | D:5      | Identified the +2 mace of Qyets {vorpal, rF+ Str+3 Dex+2}
  4132 | D:5      | You add the spells Conjure Flame, Ignite Poison and Sticky
                  | Flame to your library.
  4159 | D:5      | Reached skill level 3 in Conjurations
  4159 | D:5      | Reached XP level 8. HP: 38/60 MP: 10/10
  4825 | D:6      | Reached skill level 4 in Conjurations
  5051 | D:6      | Reached skill level 5 in Conjurations
  5200 | D:6      | Noticed Prince Ribbit
  5223 | D:6      | Killed Prince Ribbit
  5401 | D:6      | Reached skill level 9 in Armour
  5436 | D:6      | Reached skill level 6 in Conjurations
  5898 | D:7      | Reached XP level 9. HP: 67/67 MP: 11/11
  6190 | D:7      | Reached skill level 7 in Conjurations
  7114 | D:8      | Identified 2 scrolls of acquirement
  7218 | D:8      | Acquired a +7 fustibalus of freezing
  7220 | D:8      | Acquired a +2 vampiric triple sword
  7221 | D:8      | l - a +2 vampiric triple sword {longrare=g}
  7371 | D:8      | Reached skill level 8 in Conjurations
  7681 | D:8      | Found Animaedo's Antique Armour Boutique.
  8181 | D:9      | Paralysed by a hornet for 2 turns
  8183 | D:9      | HP: 13/64 [wight/+2 dire flail (8)]
  8184 | D:9      | Slain by a hornet

Vanquished Creatures
  Prince Ribbit (D:6)
  Sigmund (D:4)
  A wyvern (D:8)
  2 water moccasins
  Duvessa (D:5)
  An orc warrior (D:7)
  4 sky beasts
  2 ice beasts
  2 ogres
  2 centaurs
  3 kobold brigands
  A necrophage (D:6)
  2 scorpions
  4 bullfrogs
  5 wights (D:8)
  Dowan (D:5)
  4 howler monkeys
  2 orc priests
  A jelly (D:5)
  Crazy Yiuf (D:2)
  2 gnoll shamans
  7 hounds
  3 iguanas
  Ijyb (D:3)
  Natasha (thrice) (D:3)
  6 orc wizards
  Robin (D:2)
  8 gnolls
  6 adders
  A worm (D:3)
  A dart slug (D:5)
  22 orcs
  7 ball pythons
  6 bats
  6 endoplasms
  3 giant cockroaches
  9 hobgoblins
  2 jackals (D:4)
  4 quokkas
  2 frilled lizards (D:1)
  12 goblins
  10 kobolds
  6 rats
169 creatures vanquished.

Vanquished Creatures (others)
  3 fungi (D:9)
3 creatures vanquished.

Grand Total: 172 creatures vanquished

Table legend:
 A = Non-vault XP
 B = Vault XP
 C = Vault XP percentage of total XP
 D = Non-vault monster count
 E = Vault monster count
 F = Vault count percentage of total count
                 A         B        C        D         E       F
            +---------+---------+-------+---------+---------+-------
      Total |    4608 |     856 |  15.7 |     151 |      18 |  10.7
            +---------+---------+-------+---------+---------+-------
        D:1 |      38 |       0 |   0.0 |      25 |       0 |   0.0
        D:2 |      25 |      76 |  75.2 |      14 |      12 |  46.2
        D:3 |     145 |      70 |  32.6 |      15 |       2 |  11.8
        D:4 |     627 |     243 |  27.9 |      24 |       1 |   4.0
        D:5 |     596 |     190 |  24.2 |      23 |       2 |   8.0
        D:6 |     863 |     277 |  24.3 |      18 |       1 |   5.3
        D:7 |     894 |       0 |   0.0 |      12 |       0 |   0.0
        D:8 |    1420 |       0 |   0.0 |      20 |       0 |   0.0
            +---------+---------+-------+---------+---------+-------

Illustrated notes

Table legend:
 A = Kills in this place as a percentage of kills in entire the game.
 B = Kills by you in this place as a percentage of kills by you in the entire game.
 C = Kills by friends in this place as a percentage of kills by friends in the entire game.
 D = Other kills in this place as a percentage of other kills in the entire game.
 E = Experience gained in this place as a percentage of experience gained in the entire game.
 F = Experience gained in this place divided by the number of levels of this place that you have seen.
                   A       B       C       D       E      F
               +-------+-------+-------+-------+-------+----------------------
         Total | 100.0 | 100.0 |   N/A |   N/A | 100.0 | 607.1
       Dungeon | 100.0 | 100.0 |   N/A |   N/A | 100.0 | 607.1
               +-------+-------+-------+-------+-------+----------------------

Table legend: (Time is in decaauts)
 A = Elapsed time spent in this place.
 B = Non-inter-level travel time spent in this place.
 C = Inter-level travel time spent in this place.
 D = Time resting spent in this place.
 E = Time spent auto-exploring this place.
 F = Levels seen in this place.
 G = Mean time per level.
                   A        B        C        D        E       F      G
               +--------+--------+--------+--------+--------+-----+--------+
         Total |   8288 |   8009 |    279 |   1228 |   5546 |   9 |  920.9 |
       Dungeon |   8288 |   8009 |    279 |   1228 |   5546 |   9 |  920.9 |
               +--------+--------+--------+--------+--------+-----+--------+

Top non-repeatable levels by time:
     D:8: 1444 daAuts
     D:4: 1386 daAuts
     D:2: 1036 daAuts
     D:7: 1018 daAuts
     D:6: 926 daAuts
     D:1: 871 daAuts
     D:5: 864 daAuts
     D:3: 726 daAuts
     D:9: 14 daAuts
